 Dungeon Crawl Stone Soup version 0.25.0-1-g7eea58d2a3 (webtiles) character file.

Game seed: 4844081563138892784

1510 Anothat the Covert (level 8, -4/42 HPs)
             Began as a Vine Stalker Assassin on June 14, 2020.
             Was an Initiate of Gozag.
             Succumbed to poison (poison gas)
             ... on level 5 of the Dungeon.
             The game lasted 00:10:25 (4101 turns).

Anothat the Covert (Vine Stalker Assassin)          Turns: 4101, Time: 00:10:26

Health: -4/42      AC:  4    Str: 12 (15) XL:     8   Next: 83%
Magic:  9/9        EV: 18    Int: 10 (11) God:    Gozag
Gold:   407        SH:  0    Dex: 20 (23) Spells: 7/7 levels left

rFire    . . .     SeeInvis .   a - +2 dagger
rCold    . . .     Gourm    .   (no shield)
rNeg     + . .     Faith    .   b - +0 robe
rPois    .         Spirit   +   (helmet restricted)
rElec    .         Reflect  .   c - +0 cloak
rCorr    .         Harm     .   k - +0 pair of gloves
MR       +....                  (no boots)
Stlth    ++........             (no amulet)
HPRegen  0.54/turn              i - ring of positive energy
MPRegen  0.11/turn              o - +6 ring of dexterity

@: confused, mighty, lethally poisoned (-4 -> -61), gold aura, stab, very
slightly contaminated, invisible
A: fangs 3, horns 1, high mp 1, regeneration 1, magic shield, antimagic bite, no
potion heal 3, rot immunity
a: Potion Petition, Call Merchant, Bribe Branch, Renounce Religion


You were on level 5 of the Dungeon.
You worshipped Gozag.
Gozag was aware of your devotion.
You were hungry.

You visited 2 branches of the dungeon, and saw 6 of its levels.

You collected 481 gold pieces.
You paid 74 gold pieces to Gozag.

Inventory:

Hand Weapons
 a - a +2 dagger (weapon)
Missiles
 d - 58 poisoned darts (quivered)
 e - 2 curare-tipped darts
Armour
 b - a +0 robe (worn)
 c - a +0 cloak (worn)
 k - a +0 pair of gloves (worn)
 p - a +0 helmet
Jewellery
 g - an uncursed ring of positive energy
 i - a ring of positive energy (left hand)
 o - a +6 ring of dexterity (right hand)
Wands
 n - a wand of random effects (41)
 u - a wand of enslavement (6)
 v - a wand of flame (17)
Scrolls
 j - 3 scrolls of identify {unknown}
 l - 2 scrolls of magic mapping {unknown}
 m - 3 scrolls of teleportation {unknown}
 q - a scroll of fog {unknown}
 t - 2 scrolls of enchant weapon {unknown}
Potions
 h - a potion of magic
 r - a potion of haste
 s - a potion of degeneration
 w - a potion of flight
Comestibles
 f - 6 rations


   Skills:
 - Level 4.8 Fighting
 * Level 8.3 Short Blades
 - Level 1.7 Throwing
 * Level 7.3 Dodging
 + Level 9.4 Stealth


You had 7 spell levels left.
You didn't know any spells.
Your spell library was empty.

Dungeon Overview and Level Annotations

Branches:
Dungeon (5/15)             Temple (1/1) D:4

Altars:
Ashenzari
Dithmenos
Elyvilon
Gozag
Hepliaklqana
Makhleb
Okawaru
Ru
Trog
Wu Jian
Xom
Yredelemnul
Zin


Innate Abilities, Weirdness & Mutations

You have razor-sharp teeth.
Your natural rate of healing is unusually fast.
When hurt, damage is shared between your health and your magic reserves.
Your bite disrupts and absorbs the magic of your enemies.
Potions cannot restore your health.
You are immune to rotting.
You have a pair of small horns on your head.
You have an increased reservoir of magic. (+10% MP)


Message History

You feel extremely sick.
The freed slave is engulfed in poison gas.
The freed slave looks even sicker.
It was a potion of mutation.
You feel extremely strange.
You feel more energetic. A pair of horns grows on your head!
Your +0 helmet falls away!
* * * LOW HITPOINT WARNING * * *
You feel very sick.
The freed slave is engulfed in poison gas.
The freed slave looks as sick as possible!
Okay, then.
You're too confused!
Okay, then.
You feel agile.
o - a +6 ring of dexterity (right hand)
* * * LOW HITPOINT WARNING * * *
You feel very sick.
You're too confused!
You die...
Your body crumbles into a pile of gold.

##...$.##
#..!....#
#.......#
#.......##
##.......#
#.....p.##
#....p..#
#....<..########..
##......@p§§§.....
##.....##########
####..# ##.##
###..#####
#........#
#........#
#........#
#........#


You could see 3 neutral freed slaves.

Vanquished Creatures
  Pikel (D:5)
  Sigmund (D:3)
  2 ogres (D:4)
  3 orc priests
  A hound (D:4)
  Jessica (D:3)
  Ijyb (D:3)
  Robin (D:3)
  6 adders
  An ooze (D:1)
  2 dart slugs
  9 orcs
  5 bats
  3 giant cockroaches
  16 goblins
  12 hobgoblins
  6 jackals
  8 kobolds
  2 quokkas (D:2)
  3 ball pythons
  5 frilled lizards
  5 rats
94 creatures vanquished.

Notes
Turn   | Place    | Note
-------+----------+-------------------------------------------
     0 | D:1      | Anothat the Vine Stalker Assassin began the quest for the
                  | Orb.
     0 | D:1      | Reached XP level 1. HP: 11/11 MP: 2/2
   452 | D:1      | Reached skill level 1 in Dodging
   497 | D:1      | Reached XP level 2. HP: 15/15 MP: 3/3
   509 | D:1      | Reached skill level 5 in Stealth
   680 | D:1      | Reached XP level 3. HP: 18/18 MP: 4/4
  1746 | D:2      | Gained mutation: Your natural rate of healing is unusually
                  | fast. [Vine Stalker growth]
  1746 | D:2      | Reached XP level 4. HP: 13/23 MP: 3/5
  2309 | D:4      | Noticed an ogre
  2312 | D:4      | Noticed an ogre
  2322 | D:4      | Killed an ogre
  2322 | D:4      | Reached XP level 5. HP: 26/26 MP: 6/6
  2332 | D:5      | Entered Level 5 of the Dungeon
  2351 | D:5      | Noticed a slave
  2436 | D:4      | Killed an ogre
  2436 | D:4      | Reached XP level 6. HP: 30/30 MP: 7/7
  2496 | D:4      | Found a glowing silver altar of Zin.
  2513 | D:4      | Reached skill level 6 in Stealth
  2605 | D:4      | Found a shattered altar of Ashenzari.
  2607 | D:4      | Found a hazy altar of Hepliaklqana.
  2738 | D:4      | Found a staircase to the Ecumenical Temple.
  2957 | Temple   | Entered the Ecumenical Temple
  3016 | Temple   | Became a worshipper of Gozag Ym Sagoz the Greedy
  3634 | D:3      | Noticed Sigmund
  3648 | D:3      | Noticed Robin
  3657 | D:3      | Reached skill level 9 in Stealth
  3657 | D:3      | Reached XP level 7. HP: 38/38 MP: 8/8
  3723 | D:3      | Killed Sigmund
  3723 | D:3      | Gained mutation: You have razor-sharp teeth. [Vine Stalker
                  | growth]
  3723 | D:3      | Reached XP level 8. HP: 32/42 MP: 9/9
  3730 | D:3      | Killed Robin
  3882 | D:3      | Noticed Jessica
  3889 | D:3      | Killed Jessica
  3898 | D:3      | Noticed Ijyb
  3908 | D:3      | Killed Ijyb
  4074 | D:5      | Noticed Pikel
  4095 | D:5      | Killed Pikel
  4099 | D:5      | Gained mutation: You have an increased reservoir of magic.
                  | (+10% MP) [potion of mutation]
  4099 | D:5      | Gained mutation: You have a pair of small horns on your
                  | head. [potion of mutation]
  4100 | D:5      | HP: 1/42 [poison (poison gas)]
  4101 | D:5      | Succumbed to poison (poison gas)

Illustrated notes

Levels and vault maps discovered:
D:1:      minmay_arrival_jagged, layout_loops_corners, minmay_heptomino_w4
D:2:      layout_loops_ring, serial_aquarium, aquarium_bridge_long_joined
          [aquarium_subvault_wall, aquarium_subvault_bridge,
          aquarium_subvault_balcony, aquarium_subvault_bridge,
          aquarium_subvault_bridge, aquarium_subvault_wall],
          aquarium_bridge_straight [aquarium_subvault_bridge,
          aquarium_subvault_window, aquarium_subvault_bridge,
          aquarium_subvault_window], aquarium_window_fake, aquarium_window_fake,
          aquarium_view_2d, aquarium_pool_2
D:3:      layout_rooms, first_ration, uniq_sigmund, uniq_robin, uniq_ijyb,
          uniq_jessica
D:4:      layout_loops_ring, lemuel_crystal_altar, grunt_temple_overflow_open,
          minmay_temple_entry_enclosed_plants
D:5:      layout_rooms, nicolae_overflow_hidden_temple, uniq_pikel,
          uniq_eustachio
Temple:   cyrus_temple_forest

Skill      XL: |  1  2  3  4  5  6  7 |
---------------+----------------------+-----
Short Blades   | 2 3 7 8 |  8.3
Dodging        | 1 2 3 6 7 |  7.3
Stealth        | 5 9 |  9.4
Fighting       | 4 |  4.8
Throwing       | |  1.7

Action                   |  1- 3 |  4- 6 |  7- 9 || total
-------------------------+-------+-------+-------++-------
Melee: Dagger            |    73 |   139 |    63 ||   275
       Bite              |    17 |    35 |    17 ||    69
Throw: Dart              |     3 |    12 |       ||    15
Invok: Potion Petition   |       |       |     1 ||     1
  Use: Potion            |       |     4 |     6 ||    10
 Stab: Sleeping          |    11 |     8 |     4 ||    23
       Distracted        |       |     1 |       ||     1
       Invisible         |       |       |     5 ||     5
  Eat: Chunk             |     2 |     4 |       ||     6
       Ration            |       |     1 |       ||     1
Armor: Robe              |    11 |    26 |     6 ||    43
       Skin              |       |       |     7 ||     7
Dodge: Dodged            |    31 |    92 |    22 ||   145
